| TOP OF THE 1ST |
|
Idaho Falls Chukars batting - Pitching for Lowell Spinners : RHP Andy Garvin
|
|
Pitching: RHP Andy Garvin
|
|
|
Batting: RHB Kevin Wimberly
|
0-0: Called Strike 0-1: Ball 1-1: Swinging Strike 1-2: Ball 2-2: Foul Ball, location: 2F 2-2: Foul Ball, location: 2F 2-2: Ball 3-2: Strikes out swinging
|
|
Batting: RHB Edwin Ramos
|
0-0: Ball 1-0: Called Strike 1-1: Swinging Strike 1-2: Ball 2-2: Strikes out looking
|
|
Batting: LHB Joe Cozart
|
0-0: Foul Ball, location: 2F 0-1: Ball 1-1: Ball 2-1: Ground out 1-3 (Groundball, 13S, EV 71.2 MPH)
|
| Top of the 1st over - 0 runs, 0 hits, 0 errors, 0 left on base; Idaho Falls 0 - Lowell 0 |
| BOTTOM OF THE 1ST |
|
Lowell Spinners batting - Pitching for Idaho Falls Chukars : RHP Justin Potts
|
|
Pitching: RHP Justin Potts
|
|
|
Batting: LHB Sergio Tinoco
|
0-0: Called Strike 0-1: Ball 1-1: Called Strike 1-2: Strikes out swinging
|
|
Batting: RHB Sal Rivera
|
0-0: DOUBLE (Flyball, 78D, EV 88.1 MPH)
|
|
Batting: LHB Frank Olivo
|
0-0: Called Strike 0-1: Foul Ball, location: 2F 0-2: Strikes out swinging
|
|
Batting: RHB Alex Cardenas
|
0-0: Fly out, F5 (Popup, 56S, EV 75.6 MPH)
|
| Bottom of the 1st over - 0 runs, 1 hit, 0 errors, 1 left on base; Idaho Falls 0 - Lowell 0 |
| TOP OF THE 2ND |
|
Idaho Falls Chukars batting - Pitching for Lowell Spinners : RHP Andy Garvin
|
|
Batting: RHB Chad Sullivan
|
0-0: Foul Ball, location: 2F 0-1: Called Strike 0-2: Ball 1-2: Ball 2-2: Foul Ball, location: 2F 2-2: Ball 3-2: Base on Balls
|
|
Batting: RHB Chance Argy
|
0-0: DOUBLE (Line Drive, 9LS, EV 98.1 MPH) Chad Sullivan to third
|
|
Batting: LHB Randy Stapleton
|
0-0: Ball 1-0: Fly out, F6 (Popup, 6MD, EV 70.6 MPH)
|
|
Batting: RHB Justin Goff
|
0-0: Swinging Strike 0-1: Ball 1-1: Foul Ball, location: 2F 1-2: Foul Ball, location: 2F 1-2: Ground out U3 (Groundball, 13, EV 85.6 MPH) Chad Sullivan scores Chance Argy to third
|
|
Batting: LHB Danny Pacheco
|
0-0: SINGLE (Groundball, 3S, EV 71.9 MPH) (infield hit) Chance Argy scores
|
|
Batting: SHB Marcos Cortez
|
0-0: Called Strike 0-1: Foul Ball, location: 2F 0-2: Ball 1-2: Strikes out swinging
|
| Top of the 2nd over - 2 runs, 2 hits, 0 errors, 1 left on base; Idaho Falls 2 - Lowell 0 |
| BOTTOM OF THE 2ND |
|
Lowell Spinners batting - Pitching for Idaho Falls Chukars : RHP Justin Potts
|
|
Batting: RHB Paul Long
|
0-0: Ball 1-0: Foul Ball, location: 2F 1-1: Called Strike 1-2: Ball 2-2: DOUBLE (Line Drive, 9LM, EV 112.5 MPH)
|
|
Batting: RHB Joe Sandoval
|
0-0: Ground out 6-3 (Groundball, 6, EV 88.8 MPH)
|
|
Batting: RHB Travis Campbell
|
0-0: Called Strike 0-1: Called Strike 0-2: Ball 1-2: Foul Ball, location: 2F 1-2: Foul Ball, location: 2F 1-2: Ball 2-2: Foul Ball, location: 2F 2-2: Fly out, F7 (Flyball, 78M, EV 95.0 MPH)
|
|
Batting: RHB Andy Garvin
|
0-0: Ball Passed Ball! Paul Long to third 1-0: Swinging Strike 1-1: Ground out 5-3 (Groundball, 56S, EV 63.8 MPH)
|
| Bottom of the 2nd over - 0 runs, 1 hit, 0 errors, 1 left on base; Idaho Falls 2 - Lowell 0 |
| TOP OF THE 3RD |
|
Idaho Falls Chukars batting - Pitching for Lowell Spinners : RHP Andy Garvin
|
|
Batting: RHB Kevin Wimberly
|
0-0: Called Strike 0-1: Foul Ball, location: 2F 0-2: Foul Ball, location: 2F 0-2: SINGLE (Flyball, 4D, EV 91.9 MPH)
|
|
Batting: RHB Edwin Ramos
|
0-0: Called Strike 0-1: SINGLE (Line Drive, 78S, EV 93.8 MPH) Kevin Wimberly to second Kevin Wimberly to third
|
|
Batting: LHB Joe Cozart
|
0-0: Grounds into double play, 4-6-3 (Groundball, 4, EV 83.8 MPH) Kevin Wimberly scores
|
|
Batting: RHB Chad Sullivan
|
0-0: Ball 1-0: Foul Ball, location: 2F 1-1: Swinging Strike 1-2: Foul Ball, location: 2F 1-2: Foul Ball, location: 2F 1-2: Ball 2-2: Strikes out swinging
|
| Top of the 3rd over - 1 run, 2 hits, 0 errors, 0 left on base; Idaho Falls 3 - Lowell 0 |
| BOTTOM OF THE 3RD |
|
Lowell Spinners batting - Pitching for Idaho Falls Chukars : RHP Justin Potts
|
|
Batting: RHB Curt Stallings
|
0-0: Called Strike 0-1: Foul Ball, location: 2F 0-2: Foul Ball, location: 2F 0-2: SOLO HOME RUN (Flyball, 9D, EV 93.8 MPH), Distance : 378 ft
|
|
Batting: LHB Sergio Tinoco
|
0-0: Called Strike 0-1: Foul Ball, location: 2F 0-2: Ball 1-2: Ball 2-2: Ball 3-2: Base on Balls
|
|
Pitching: RHP Kevin Tumbleson
|
|
|
Batting: RHB Sal Rivera
|
0-0: Ball 1-0: Ball 2-0: Ball 3-0: Base on Balls Sergio Tinoco to second
|
|
Batting: LHB Frank Olivo
|
0-0: Ball 1-0: Called Strike 1-1: Ball 2-1: Grounds into double play, 5-4-3 (Groundball, 5, EV 105.0 MPH) Sergio Tinoco to third
|
|
Batting: RHB Alex Cardenas
|
0-0: Swinging Strike 0-1: Foul Ball, location: 2F 0-2: Ball 1-2: Ground out 6-3 (Groundball, 6, EV 106.2 MPH)
|
| Bottom of the 3rd over - 1 run, 1 hit, 0 errors, 1 left on base; Idaho Falls 3 - Lowell 1 |
| TOP OF THE 4TH |
|
Idaho Falls Chukars batting - Pitching for Lowell Spinners : RHP Andy Garvin
|
|
Batting: RHB Chance Argy
|
0-0: Ball 1-0: Foul Ball, location: 2F 1-1: Ball 2-1: Fly out, F8 (Flyball, 8RXD, EV 89.4 MPH)
|
|
Batting: LHB Randy Stapleton
|
0-0: Ball 1-0: Ball 2-0: Ball 3-0: Called Strike 3-1: Base on Balls
|
|
Batting: RHB Justin Goff
|
0-0: Called Strike 0-1: Ball 1-1: Ball Randy Stapleton is caught stealing 2nd base 2-4 2-1: Foul Ball, location: 2F 2-2: Ground out 4-3 (Groundball, 4, EV 77.5 MPH)
|
| Top of the 4th over - 0 runs, 0 hits, 0 errors, 0 left on base; Idaho Falls 3 - Lowell 1 |
| BOTTOM OF THE 4TH |
|
Lowell Spinners batting - Pitching for Idaho Falls Chukars : RHP Kevin Tumbleson
|
|
Batting: RHB Paul Long
|
0-0: Ball 1-0: Called Strike 1-1: Swinging Strike 1-2: Strikes out swinging
|
|
Batting: RHB Joe Sandoval
|
0-0: Fly out, F4 (Line Drive, 4, EV 71.2 MPH)
|
|
Batting: RHB Travis Campbell
|
0-0: Ball 1-0: Ball 2-0: Called Strike 2-1: Ball 3-1: Base on Balls
|
|
Batting: RHB Andy Garvin
|
0-0: Foul Ball, location: 2F 0-1: Ball Wild Pitch! Travis Campbell to second 1-1: Ball Wild Pitch! Travis Campbell to third 2-1: Called Strike 2-2: Ball 3-2: Foul Ball, location: 2F 3-2: Foul Ball, location: 2F 3-2: Fly out, F7 (Flyball, 7LM, EV 79.4 MPH)
|
| Bottom of the 4th over - 0 runs, 0 hits, 0 errors, 1 left on base; Idaho Falls 3 - Lowell 1 |
| TOP OF THE 5TH |
|
Idaho Falls Chukars batting - Pitching for Lowell Spinners : RHP Andy Garvin
|
|
Batting: LHB Danny Pacheco
|
0-0: Ball 1-0: Foul Ball, location: 2F 1-1: SINGLE (Line Drive, 34D, EV 94.4 MPH)
|
|
Batting: SHB Marcos Cortez
|
0-0: Called Strike 0-1: Ball 1-1: Called Strike 1-2: Foul Ball, location: 2F 1-2: Ball 2-2: Ball Passed Ball! Danny Pacheco to second 3-2: Foul Ball, location: 2F 3-2: Strikes out looking
|
|
Batting: RHB Kevin Wimberly
|
0-0: Ball 1-0: Foul Ball, location: 2F 1-1: Foul Ball, location: 2F 1-2: SINGLE (Groundball, 6S, EV 72.5 MPH) (infield hit) Danny Pacheco to third
|
|
Batting: RHB Edwin Ramos
|
0-0: Ball 1-0: Called Strike 1-1: Called Strike 1-2: Foul Ball, location: 2F 1-2: Ball Kevin Wimberly steals 2nd, throwing error, E2 Danny Pacheco scores Kevin Wimberly to third 2-2: Ball 3-2: SINGLE (Flyball, 3D, EV 87.5 MPH) Kevin Wimberly scores
|
|
Batting: LHB Joe Cozart
|
0-0: Ball 1-0: Called Strike 1-1: Ball 2-1: Foul Ball, location: 2F 2-2: Ball 3-2: Fly out, F8 (Line Drive, 89M, EV 98.1 MPH)
|
|
Batting: RHB Chad Sullivan
|
0-0: Ball 1-0: Ball 2-0: Called Strike 2-1: Foul Ball, location: 2F 2-2: Strikes out swinging
|
| Top of the 5th over - 2 runs, 3 hits, 1 error, 1 left on base; Idaho Falls 5 - Lowell 1 |
| BOTTOM OF THE 5TH |
|
Lowell Spinners batting - Pitching for Idaho Falls Chukars : RHP Kevin Tumbleson
|
|
Pitching: RHP John Barnett
|
|
|
Batting: RHB Curt Stallings
|
0-0: Called Strike 0-1: Ball 1-1: Ground out 6-3 (Groundball, 56, EV 81.9 MPH)
|
|
Batting: LHB Sergio Tinoco
|
0-0: Ball 1-0: Called Strike 1-1: Ball 2-1: TRIPLE (Flyball, 89XD, EV 93.1 MPH)
|
|
Batting: RHB Sal Rivera
|
0-0: Ball 1-0: Ball 2-0: Swinging Strike 2-1: Swinging Strike 2-2: SINGLE (Popup, 4MD, EV 43.1 MPH) Sergio Tinoco scores
|
|
Batting: LHB Frank Olivo
|
0-0: Called Strike Sal Rivera steals 2nd base 0-1: Ball Wild Pitch! Sal Rivera to third 1-1: Fly out, F8 (Flyball, 89XD, EV 103.8 MPH) Runner from 3rd tags up, SCORES, no throw by CF
|
|
Batting: RHB Alex Cardenas
|
0-0: SOLO HOME RUN (Flyball, 78XD, EV 98.8 MPH), Distance : 392 ft
|
|
Batting: RHB Paul Long
|
0-0: Ball 1-0: Fly out, F8 (Flyball, 8RD, EV 103.8 MPH)
|
| Bottom of the 5th over - 3 runs, 3 hits, 0 errors, 0 left on base; Idaho Falls 5 - Lowell 4 |
| TOP OF THE 6TH |
|
Idaho Falls Chukars batting - Pitching for Lowell Spinners : RHP Andy Garvin
|
|
Batting: RHB Chance Argy
|
0-0: Called Strike 0-1: Ball 1-1: Ball 2-1: Foul Ball, location: 2F 2-2: Ball 3-2: Reached on error, E6 (Groundball, 6S, EV 81.2 MPH)
|
|
Pitching: RHP Perry Mills
|
|
|
Batting: LHB Randy Stapleton
|
0-0: Fly out, F9 (Flyball, 9, EV 80.6 MPH)
|
|
Batting: RHB Justin Goff
|
0-0: Grounds into double play, 6-4-3 (Groundball, 6M, EV 101.2 MPH)
|
| Top of the 6th over - 0 runs, 0 hits, 1 error, 0 left on base; Idaho Falls 5 - Lowell 4 |
| BOTTOM OF THE 6TH |
|
Lowell Spinners batting - Pitching for Idaho Falls Chukars : RHP John Barnett
|
|
Pitching: RHP Phil Kellum
|
|
|
Batting: RHB Joe Sandoval
|
0-0: Ball 1-0: Ball 2-0: Ball 3-0: Base on Balls
|
|
Batting: RHB Travis Campbell
|
0-0: Called Strike 0-1: Swinging Strike 0-2: Strikes out swinging
|
|
Batting: RHB Andy Garvin
|
0-0: Called Strike 0-1: Ball 1-1: Ball 2-1: Foul Ball, location: 2F 2-2: Foul Ball, location: 2F 2-2: Grounds into double play, 4-6-3 (Groundball, 4, EV 81.9 MPH)
|
| Bottom of the 6th over - 0 runs, 0 hits, 0 errors, 0 left on base; Idaho Falls 5 - Lowell 4 |
| TOP OF THE 7TH |
|
Idaho Falls Chukars batting - Pitching for Lowell Spinners : RHP Perry Mills
|
|
Batting: LHB Danny Pacheco
|
0-0: Swinging Strike 0-1: Ground out 4-3 (Groundball, 4, EV 103.1 MPH)
|
|
Batting: SHB Marcos Cortez
|
0-0: Swinging Strike 0-1: Ball 1-1: Swinging Strike 1-2: Strikes out swinging
|
|
Batting: RHB Kevin Wimberly
|
0-0: Ball 1-0: Foul Ball, location: 2F 1-1: Ball 2-1: Swinging Strike 2-2: Strikes out swinging
|
| Top of the 7th over - 0 runs, 0 hits, 0 errors, 0 left on base; Idaho Falls 5 - Lowell 4 |
| BOTTOM OF THE 7TH |
|
Lowell Spinners batting - Pitching for Idaho Falls Chukars : RHP Phil Kellum
|
|
Pitching: RHP Bryan Kiefer
|
|
|
Batting: RHB Curt Stallings
|
0-0: Fly out, F8 (Flyball, 8LM, EV 89.4 MPH)
|
|
Batting: LHB Sergio Tinoco
|
0-0: Ball 1-0: Foul Ball, location: 2F 1-1: Fly out, F9 (Flyball, 9D, EV 101.9 MPH)
|
|
Batting: RHB Sal Rivera
|
0-0: Foul Ball, location: 2F 0-1: Ball 1-1: Ball 2-1: SINGLE (Flyball, 56D, EV 90.0 MPH)
|
|
Batting: LHB Frank Olivo
|
0-0: Called Strike Sal Rivera steals 2nd base 0-1: Ball 1-1: Foul Ball, location: 2F 1-2: Ball 2-2: Foul Ball, location: 2F 2-2: Ball 3-2: Base on Balls
|
|
Batting: RHB Alex Cardenas
|
0-0: Called Strike 0-1: SINGLE (Groundball, 6S, EV 75.0 MPH) (infield hit) Sal Rivera to third Frank Olivo to second
|
|
Batting: RHB Paul Long
|
0-0: Ball 1-0: Fielders Choice at 2nd, 6-4 (Groundball, 6, EV 108.1 MPH)
|
| Bottom of the 7th over - 0 runs, 2 hits, 0 errors, 3 left on base; Idaho Falls 5 - Lowell 4 |
| TOP OF THE 8TH |
|
Idaho Falls Chukars batting - Pitching for Lowell Spinners : RHP Perry Mills
|
|
Batting: RHB Edwin Ramos
|
0-0: Called Strike 0-1: Foul Ball, location: 2F 0-2: DOUBLE (Flyball, 89D, EV 96.9 MPH)
|
|
Batting: LHB Joe Cozart
|
0-0: Foul Ball, location: 2F 0-1: Ground out 4-3 (Groundball, 4, EV 111.2 MPH) Edwin Ramos to third
|
|
Batting: RHB Chad Sullivan
|
0-0: Ball 1-0: Called Strike 1-1: SINGLE (Groundball, 56, EV 96.2 MPH) Edwin Ramos scores
|
|
Batting: RHB Chance Argy
|
0-0: Ball Wild Pitch! Chad Sullivan to second 1-0: Ball 2-0: Called Strike 2-1: Foul Ball, location: 2F 2-2: Foul Ball, location: 2F 2-2: SINGLE (Line Drive, 9S, EV 102.5 MPH) Chad Sullivan to third Runner from 3rd tries for Home, throw by RF and OUT! 9-2
|
|
Pitching: RHP Alex Sandidge
|
|
|
Batting: LHB Randy Stapleton
|
0-0: Ball 1-0: Swinging Strike 1-1: Foul Ball, location: 2F 1-2: Strikes out swinging
|
| Top of the 8th over - 1 run, 3 hits, 0 errors, 1 left on base; Idaho Falls 6 - Lowell 4 |
| BOTTOM OF THE 8TH |
|
Lowell Spinners batting - Pitching for Idaho Falls Chukars : RHP Bryan Kiefer
|
|
Pitching: RHP Mike Galvin
|
|
|
Batting: RHB Joe Sandoval
|
0-0: Foul Ball, location: 2F 0-1: Ball 1-1: Ball 2-1: Swinging Strike 2-2: Ball 3-2: Strikes out swinging
|
|
Batting: RHB Travis Campbell
|
0-0: Ball 1-0: Called Strike 1-1: Swinging Strike 1-2: Ground out 4-3 (Groundball, 4, EV 85.6 MPH)
|
|
Batting: RHB Andy Garvin
|
0-0: Foul Ball, location: 2F 0-1: Swinging Strike 0-2: Ball 1-2: Foul Ball, location: 2F 1-2: Strikes out swinging
|
| Bottom of the 8th over - 0 runs, 0 hits, 0 errors, 0 left on base; Idaho Falls 6 - Lowell 4 |
| TOP OF THE 9TH |
|
Idaho Falls Chukars batting - Pitching for Lowell Spinners : RHP Alex Sandidge
|
|
Batting: RHB Justin Goff
|
0-0: Called Strike 0-1: Ball 1-1: Called Strike 1-2: Strikes out swinging
|
|
Batting: LHB Danny Pacheco
|
0-0: Swinging Strike 0-1: Ball 1-1: Ball 2-1: Fly out, F7 (Flyball, 78M, EV 76.2 MPH)
|
|
Batting: SHB Marcos Cortez
|
0-0: Ball 1-0: Foul Ball, location: 2F 1-1: Ball 2-1: Ball 3-1: SINGLE (Groundball, 4, EV 101.9 MPH)
|
|
Batting: RHB Kevin Wimberly
|
0-0: Ball 1-0: Foul Ball, location: 2F 1-1: Foul Ball, location: 2F 1-2: Strikes out looking
|
| Top of the 9th over - 0 runs, 1 hit, 0 errors, 1 left on base; Idaho Falls 6 - Lowell 4 |
| BOTTOM OF THE 9TH |
|
Lowell Spinners batting - Pitching for Idaho Falls Chukars : RHP Mike Galvin
|
|
Pitching: RHP Josh Rutledge
|
|
|
Batting: RHB Curt Stallings
|
0-0: Ball 1-0: DOUBLE (Groundball, 5L, EV 103.8 MPH)
|
|
Batting: LHB Sergio Tinoco
|
0-0: Ball 1-0: Ball 2-0: Called Strike 2-1: Swinging Strike 2-2: Ball 3-2: Foul Ball, location: 2F 3-2: Foul Ball, location: 2F 3-2: Base on Balls
|
|
Batting: RHB Sal Rivera
|
0-0: Bunted foul 0-1: Bunted foul 0-2: Foul Ball, location: 2F 0-2: Ball 1-2: Ball 2-2: Foul Ball, location: 2F 2-2: Foul Ball, location: 2F 2-2: Ball 3-2: Base on Balls Curt Stallings to third Sergio Tinoco to second
|
|
Pitching: RHP Brett Essary
|
|
|
Batting: LHB Frank Olivo
|
0-0: Called Strike 0-1: Ball 1-1: Ball 2-1: Fly out, F8 (Flyball, 8RXD, EV 98.8 MPH) Runner from 3rd tags up, SCORES, no throw by CF
|
|
Batting: RHB Alex Cardenas
|
0-0: 3-RUN HOME RUN (Flyball, 9LD, EV 96.2 MPH), Distance : 328 ft
|
| Bottom of the 9th over - 4 runs, 2 hits, 0 errors, 0 left on base; Idaho Falls 6 - Lowell 8 |
|